 Dungeon Crawl Stone Soup version 0.29-a0-321-gf1c400731a (webtiles) character file.

Game seed: 3329002454149524001

4871 Flugslaktarn the Vexing (level 10, 0/80 (81) HPs)
             Began as a Palentonga Enchanter on Apr 3, 2022.
             Was a Priest of Cheibriados.
             Slain by a killer bee (8 damage)
             ... on level 9 of the Dungeon.
             The game lasted 00:27:31 (4278 turns).

Flugslaktarn the Vexing (Palentonga Enchanter)      Turns: 4278, Time: 00:27:32

HP:   0/80 (81)     AC: 16    Str: 25    XL:     10   Next: 26%
MP:   23/25         EV: 11    Int: 29    God:    Cheibriados [***...]
Gold: 471           SH:  0    Dex: 18    Spells: 4/17 levels left

rFire   . . .      SeeInvis +   H - +1 long sword (elec)
rCold   . . .      Faith    .   (no shield)
rNeg    . . .      Spirit   .   A - +1 robe "Rougg" {Int+3 Archmagi}
rPois   .          Reflect  .   J - +0 helmet
rElec   .          Harm     .   g - +1 cloak
rCorr   .          Rampage  .   R - +0 pair of gloves {hurl}
Will    .....      Archmagi +   (no barding)
Stlth   ++........              x - amulet of regeneration
HPRegen 1.03/turn               m - +6 ring of strength
MPRegen 0.19/turn               r - ring of magical power

@: about to teleport, lightly drained, curled up, very slow
A: large, rugged brown scales 3, see invisible, deformed body, roll 1, armoured
tail, reflexive curl
a: Rolling Charge, Renounce Religion, Bend Time, Temporal Distortion


You were on level 9 of the Dungeon.
You worshipped Cheibriados.
Cheibriados was most pleased with you.
You visited 2 branches of the dungeon, and saw 10 of its levels.
You also visited: Sewer and Ossuary.

You collected 625 gold pieces.
You spent 154 gold pieces at shops.

Inventory:

Hand Weapons
 v - a +0 morningstar
   (You took it off an orc on level 3 of the Dungeon)
 B - a +0 great sword of freezing
   (You found it on level 4 of the Dungeon)
 E - a +2 whip of flaming
   (You took it off Pikel on level 5 of the Dungeon)
 H - a +1 long sword of electrocution (weapon)
   (You bought it in a shop on level 5 of the Dungeon)
 N - a +2 rapier of flaming
   (You found it on level 7 of the Dungeon)
 T - a +3 dagger
   (You found it on level 9 of the Dungeon)
Missiles
 O - 5 javelins
Armour
 g - a +1 cloak (worn)
   (You found it on level 2 of the Dungeon)
 A - the +1 robe "Rougg" (worn) {Int+3 Archmagi}
   (You found it on level 4 of the Dungeon)

   Int:       It affects your intelligence (+3).
   Archmagi:  It increases the power of your magical spells.
 J - a +0 helmet (worn)
   (You found it on level 6 of the Dungeon)
 K - the +14 chain mail of Tulips {+Blink rN+ rCorr Str-5}
   (You found it on level 6 of the Dungeon)

   Str:       It affects your strength (-5).
   rN:        It protects you from negative energy.
   +Blink:    It lets you blink.
   rCorr:     It protects you from acid and corrosion.
 R - a +0 pair of gloves of hurling (worn)
   (You found it on level 9 of the Dungeon)
Jewellery
 l - a ring of fire
   (You found it on level 2 of the Dungeon)
 m - a +6 ring of strength (left hand)
   (You found it on level 8 of the Dungeon)
 r - a ring of magical power (right hand)
   (You found it on level 9 of the Dungeon)
 x - an amulet of regeneration (around neck)
   (You found it on level 4 of the Dungeon)
 z - an amulet of reflection
   (You found it on level 9 of the Dungeon)
Wands
 o - a wand of flame (27)
   (You found it on level 2 of the Dungeon)
 u - a wand of paralysis (7)
   (You took it off a kobold on level 3 of the Dungeon)
 F - a wand of acid (1)
   (You found it on level 5 of the Dungeon)
 I - a wand of iceblast (9)
   (You found it on level 6 of the Dungeon)
Scrolls
 f - a scroll of brand weapon
 h - a scroll of immolation
 p - a scroll of torment {unknown}
 s - a scroll of fear {unknown}
 t - 4 scrolls of teleportation
 w - 2 scrolls of amnesia
 y - a scroll of summoning {unknown}
 D - 2 scrolls of vulnerability
 L - a scroll of fog
 M - a scroll of enchant armour {unknown}
 S - a scroll of holy word {unknown}
Potions
 c - 3 potions of invisibility
 d - 4 potions of might
 e - 5 potions of heal wounds {unknown}
 i - 3 potions of haste {unknown}
 j - 4 potions of lignification {unknown}
 k - 2 potions of attraction {unknown}
 n - 3 potions of brilliance
 q - 4 potions of curing
 C - 2 potions of degeneration {unknown}
 G - a potion of magic {unknown}
 P - 3 potions of cancellation {unknown}
 Q - a potion of flight {unknown}


   Skills:
 - Level 6.0 Fighting
 - Level 6.0(6.3) Short Blades
 + Level 3.0(4.9) Long Blades
 - Level 0.6 Armour
 - Level 3.0 Dodging
 - Level 3.0 Stealth
 + Level 4.2 Spellcasting
 - Level 7.0 Hexes
 + Level 5.7 Summonings
 - Level 2.0 Ice Magic
 - Level 3.0 Evocations


You had 4 spell levels left.
You knew the following spells:

 Your Spells              Type           Power      Damage    Failure   Level
a - Ensorcelled Hibernat  Hex/Ice        96%        N/A       1%          2
b - Confusing Touch       Hex            63%        N/A       1%          3
c - Tukima's Dance        Hex            63%        N/A       1%          3
d - Summon Mana Viper     Hex/Summ       59%        N/A       14%         5

Your spell library contained the following spells:

 Spells                   Type           Power      Damage    Failure   Level
 Summon Small Mammal      Summ           100%       N/A       1%          1
 Call Canine Familiar     Summ           56%        N/A       1%          3
 Summon Guardian Golem    Hex/Summ       59%        N/A       1%          3
 Dazzling Flash           Conj/Hex       78%        N/A       4%          3
 Pain                     Necr           36%        1d5       7%          1
 Summon Ice Beast         Ice/Summ       42%        N/A       14%         4
 Ignite Poison            Fire/Tmut/Pois 9%         N/A       21%         3
 Mephitic Cloud           Conj/Pois/Air  9%         N/A       21%         3
 Stone Arrow              Conj/Erth      18%        3d8       21%         3
 Animate Armour           Summ/Erth      66%        N/A       22%         4
 Freezing Cloud           Conj/Ice/Air   7%         6-21      82%         5
 Agony                    Necr           9%         N/A       88%         5
 Excruciating Wounds      Necr           4%         N/A       88%         5
 Monstrous Menagerie      Summ           28%        N/A       99%         7
 Lehudib's Crystal Spear  Conj/Erth      4%         10d3      100%        8


Dungeon Overview and Level Annotations

Branches:
Dungeon (9/15)             Temple (1/1) D:5             Orc (0/2) D:9
  Sewer (visited)         Ossuary (visited)
   Lair: D:8-11

Altars:
Ashenzari
Cheibriados
Dithmenos
Elyvilon
Gozag
Hepliaklqana
Kikubaaqudgha
Makhleb
Nemelex Xobeh
Okawaru
Qazlal
Ru
Sif Muna
Trog
Uskayaw
Vehumet
Wu Jian
Xom
Yredelemnul
Zin
The Shining One
Beogh

Shops:
D:5 *   D:7 (   D:9 :*


Innate Abilities, Weirdness & Mutations

You are completely covered in rugged brown scales. (AC +3, +7% HP)
You have supernaturally acute eyesight. (SInv)
Armour fits poorly on your strangely shaped body.
You can roll at nearby foes to attack.
You have a long armoured tail.
You curl defensively after being hit. (AC +7*)


Message History

You hear an angry buzzing noise. x3
You closely miss the killer bee.
You hear an angry buzzing noise.
The killer bee barely misses you.
The killer bee rages.
The killer bee completely misses you.
The killer bee stings your mana viper but does no damage.
Your mana viper bites the killer bee!
The killer bee dies!
Cheibriados thoroughly appreciates the change of pace.
The killer bee barely misses you.
You hear an angry buzzing noise.
Your mana viper barely misses the killer bee.
You hit the killer bee.
The killer bee is lightly wounded.
You feel sick.
Your mana viper looks more healthy.
The killer bee closely misses you.
You hear an angry buzzing noise.
The killer bee rages.
The killer bee barely misses you.
The killer bee rages.
The killer bee stings you!
You hear an angry buzzing noise.
Your mana viper closely misses the killer bee.
You hear an angry buzzing noise.
The killer bee misses you.
Your mana viper barely misses the killer bee.
Aiming: Corrosive Bolt
Press: ? - help, Shift-Dir - straight line, f - killer bee
Aim: a killer bee (berserk, 48% to hit)
The bolt of acid misses the killer bee.
The bolt of acid hits the queen bee.
The acid corrodes the queen bee!
The queen bee is lightly wounded.
The bolt of acid hits the killer bee!
The acid corrodes the killer bee!
The killer bee is heavily wounded.
You feel sick.
The killer bee rages.
The killer bee stings you but does no damage.
The killer bee stings you.
Your mana viper bites the killer bee!
The killer bee closely misses your mana viper.
Unknown command.
You hit the killer bee.
The killer bee is severely wounded.
You feel sick. The killer bee closely misses you.
A killer bee comes into view.
The killer bee rages.
The killer bee stings you.
You are more poisoned.
The killer bee poisons you!
Your mana viper bites the killer bee!
The killer bee dies!
Cheibriados thoroughly appreciates the change of pace.
The queen bee completely misses your mana viper.
Your mana viper bites the queen bee.
The killer bee moves out of view.
Unknown command.
You hit the queen bee. You punch the queen bee.
The queen bee is heavily wounded.
You feel sick.
The killer bee rages. x3
Your mana viper bites the queen bee.
The killer bee rages.
The queen bee closely misses your mana viper.
Unknown command.
You catch the helpless queen bee completely off-guard!
You slash the queen bee!
Lightning courses through the queen bee!
You kill the queen bee!
Cheibriados appreciates the change of pace.
You feel sick.
Your mana viper disappears in a puff of smoke!
The killer bee stings you.
* * * LOW HITPOINT WARNING * * *
The killer bee barely misses you. The killer bee stings you.
* * * LOW HITPOINT WARNING * * *
Your base Long Blades skill increases to level 3!
Unknown command.
Okay, then.
Unknown command.
As you read the scroll of teleportation, it crumbles to dust.
You feel strangely unstable.
You feel sick.
The killer bee stings you but does no damage.
The killer bee closely misses you.
The killer bee rages.
The killer bee stings you!
* * * LOW HITPOINT WARNING * * *
You are more poisoned.
The killer bee poisons you!
Unknown command.
Unknown command.
You feel better.
The killer bee rages.
The killer bee stings you but does no damage.
The killer bee stings you!
* * * LOW HITPOINT WARNING * * *
The killer bee barely misses you.
Unknown command.
The killer bee is no longer covered in acid.
The killer bee stings you but does no damage.
The killer bee barely misses you. The killer bee stings you!
You die...

#≈ §≈≈##.........# #.......#
#≈###≈#..........## #........
..'∩'.............# †#.....#..
.≈###≈............# .†#.....##.
.≈≈≈≈≈§.#........## †y #.#...##.
....§..###.......†##y######.####.
######## #####...†yy.# ..##.<# #.
#..yy######.#...# #. ##.@.#
##...##..###. #..###
#.>.......##. #...# #............
#...).......####.<..
##.....#....# #.....
##....##...##......
##..###........## #.##
.....##..## ## ##...#....##


You could see 6 killer bees.

Vanquished Creatures
  A two-headed ogre (D:8)
  Pikel (D:5)
  A queen bee (D:9)
  A sky beast (D:7)
  An orc warrior (D:7)
  4 ice beasts
  Pargi (Sewer)
  2 black bears
  An ogre (D:5)
  A phantom (D:5)
  2 centaurs (D:8)
  2 elf zombies (Ossuary)
  2 scorpions
  2 bullfrogs (D:7)
  4 wights (D:9)
  3 killer bees (D:9)
  3 centaur zombies (Ossuary)
  3 jellies
  4 hounds
  4 human zombies (Ossuary)
  4 orc priests
  An iguana (D:5)
  4 orc wizards
  2 hound zombies (Ossuary)
  3 mummies (Ossuary)
  9 adders
  4 gnolls (D:4)
  A river rat (D:3)
  A shadow imp (D:5)
  2 white imps
  An ufetubus (D:6)
  An adder zombie (Ossuary)
  3 dart slugs
  18 orcs
  4 bats
  4 endoplasms
  4 giant cockroaches
  2 gnoll zombies (Ossuary)
  5 goblins
  5 hobgoblins
  3 jackals (D:4)
  9 kobolds
  A quokka (D:3)
  2 ball pythons
  9 frilled lizards
  3 goblin zombies (Ossuary)
  A hobgoblin zombie (Ossuary)
  2 jackal zombies (Ossuary)
  3 kobold zombies (Ossuary)
  An orc zombie (Ossuary)
  7 quokka zombies (Ossuary)
  4 rats
  5 rat zombies (Ossuary)
171 creatures vanquished.

Vanquished Creatures (collateral kills)
  A hornet (D:9)
  An acid dragon (D:9)
  2 ogres
  6 killer bees (D:9)
  A hound (D:5)
11 creatures vanquished.

Grand Total: 182 creatures vanquished

Notes
Turn   | Place    | Note
-------+----------+-------------------------------------------
     0 | D:1      | Flugslaktarn the Palentonga Enchanter began the quest for
                  | the Orb.
     0 | D:1      | Reached XP level 1. HP: 13/13 MP: 3/3
   159 | D:2      | Reached skill level 1 in Fighting
   213 | D:2      | Found a faded altar of an unknown god.
   249 | D:2      | Reached XP level 2. HP: 14/23 MP: 5/5
   255 | D:2      | Learned a level 2 spell: Ensorcelled Hibernation
   293 | D:2      | Found an iron altar of Okawaru.
   376 | D:2      | Reached skill level 1 in Ice Magic
   607 | D:2      | Reached XP level 3. HP: 28/28 MP: 6/6
   935 | D:3      | Reached skill level 4 in Hexes
   936 | D:3      | Found a glowing drain.
   942 | Sewer    | Entered a sewer
   962 | Sewer    | Reached XP level 4. HP: 22/35 MP: 4/7
   962 | Sewer    | Noticed Pargi
   974 | Sewer    | Killed Pargi
   975 | Sewer    | Reached XP level 5. HP: 8/43 MP: 3/8
  1101 | D:3      | Found a sacrificial altar of Ru.
  1314 | D:4      | Learned a level 3 spell: Confusing Touch
  1783 | D:4      | Reached XP level 6. HP: 48/51 MP: 3/9
  1803 | D:5      | Entered Level 5 of the Dungeon
  1823 | D:5      | Noticed an ice beast
  1859 | D:4      | Identified the +1 robe "Rougg" {Int+3 Archmagi}
  1913 | D:4      | Learned a level 3 spell: Tukima's Dance
  1991 | D:5      | Reached skill level 5 in Hexes
  2207 | D:5      | Killed an ice beast
  2208 | D:5      | Gained mutation: You curl defensively after being hit. (AC
                  | +7*) [Palentonga growth]
  2208 | D:5      | Reached XP level 7. HP: 48/57 MP: 7/10
  2244 | D:5      | Noticed Pikel
  2260 | D:5      | Killed Pikel
  2261 | D:5      | Reached XP level 8. HP: 23/65 MP: 4/12
  2293 | D:5      | Found a staircase to the Ecumenical Temple.
  2298 | Temple   | Entered the Ecumenical Temple
  2363 | Temple   | Became a worshipper of Cheibriados the Contemplative
  2588 | D:5      | Reached skill level 5 in Fighting
  2588 | D:5      | Reached skill level 5 in Short Blades
  2588 | D:5      | Reached skill level 6 in Hexes
  2657 | D:5      | Found Jeajel's Assorted Antiques.
  2660 | D:5      | Bought a dark potion for 18 gold pieces
  2688 | D:5      | Bought a glowing long sword for 136 gold pieces
  2803 | D:6      | Identified the +14 chain mail of Tulips {+Blink rN+ rCorr
                  | Str-5}
  2856 | D:6      | Reached skill level 1 in Evocations
  2894 | D:7      | Found Tyilatza's Weapon Shop.
  2915 | D:7      | Reached * piety under Cheibriados
  3013 | D:7      | Reached XP level 9. HP: 55/73 MP: 13/13
  3033 | D:7      | Reached skill level 7 in Hexes
  3101 | D:7      | Learned a level 5 spell: Summon Mana Viper
  3316 | D:8      | Reached skill level 1 in Summonings
  3321 | D:8      | Noticed a two-headed ogre
  3331 | D:8      | Killed a two-headed ogre
  3471 | D:8      | Found a sand-covered staircase.
  3487 | Ossuary  | Entered an ossuary
  3525 | Ossuary  | Reached ** piety under Cheibriados
  3771 | Ossuary  | Reached skill level 5 in Summonings
  3891 | D:9      | Found Nuleoh's General Store.
  4000 | D:9      | Found a staircase to the Orcish Mines.
  4017 | D:9      | Reached skill level 1 in Long Blades
  4047 | D:9      | Reached XP level 10. HP: 42/81 MP: 15/15
  4232 | D:9      | Found Camm's Book Shoppe.
  4259 | D:9      | Reached *** piety under Cheibriados
  4278 | D:9      | Slain by a killer bee

Illustrated notes

Levels and vault maps discovered:
D:1:      dpeg_arrival_round_b, layout_basic
D:2:      layout_basic, basic_altar, shapermc_ecumenical_altar_starsandcircs
D:3:      layout_basic, mainiacjoe_overflow_24_doors, gup_sewer_entry_bubbles,
          serial_glass, glass_columns_b, glass_columns_a
D:4:      layout_basic
D:5:      layout_basic, minmay_temple_entry_proselytizer, serial_shops,
          nicolae_shop_statue_plus, uniq_pikel
D:6:      layout_loops_corners
D:7:      layout_rooms, serial_shops, shop
D:8:      layout_loops_ring, nicolae_ossuary_entry_ruins
D:9:      layout_cave_pools, minmay_orc_entry_temple_small, special_room
          [special_room_bee], serial_shops, kennysheep_mini_moat, shop
Temple:   mainiacjoe_temple_starburst

Skill      XL: |  1  2  3  4  5  6  7  8  9 10 |
---------------+-------------------------------+-----
Fighting       | 1 2 3 4 6 |  6.0
Ice Magic      | 1 2 |  2.0
Hexes          | 4 5 6 7 |  7.0
Short Blades   | 2 3 4 6 |  6.0
Stealth        | 3 |  3.0
Spellcasting   | 3 4 |  4.2
Evocations     | 1 3 |  3.0
Dodging        | 3 |  3.0
Summonings     | 5 |  5.7
Long Blades    | 1 3 |  3.0
Armour         | |  0.6

Action                   |  1- 3 |  4- 6 |  7- 9 | 10-12 || total
-------------------------+-------+-------+-------+-------++-------
Melee: Dagger            |   134 |   110 |    92 |       ||   336
       Tailslap          |     9 |    19 |    59 |     4 ||    91
       Punch             |     1 |     2 |     8 |     1 ||    12
       Long sword        |       |       |   255 |    32 ||   287
 Cast: Ensorcelled Hiber |    15 |    31 |    14 |       ||    60
       Confusing Touch   |       |     2 |    11 |       ||    13
       Tukima's Dance    |       |       |     7 |     3 ||    10
       Summon Mana Viper |       |       |     1 |     1 ||     2
 Abil: Rolling Charge    |     3 |       |     2 |       ||     5
Evoke: Wand              |       |    21 |     3 |     5 ||    29
  Use: Potion            |     1 |       |       |     1 ||     2
       Scroll            |     4 |     3 |     4 |     3 ||    14
 Stab: Sleeping          |    14 |    20 |    13 |       ||    47
       Paralysed         |       |     3 |     1 |       ||     4
       Confused          |       |     1 |     6 |       ||     7
       Distracted        |       |       |       |     1 ||     1
Armor: Robe              |    70 |    38 |   150 |    18 ||   276
       Chain mail        |       |       |    71 |       ||    71
Dodge: Dodged            |    65 |    37 |   182 |    38 ||   322

Table legend: (Time is in decaauts)
 A = Elapsed time spent in this place.
 B = Non-inter-level travel time spent in this place.
 C = Inter-level travel time spent in this place.
 D = Time resting spent in this place.
 E = Time spent auto-exploring this place.
 F = Levels seen in this place.
 G = Mean time per level.
                   A        B        C        D        E       F      G
               +--------+--------+--------+--------+--------+-----+--------+
         Total |   4930 |   4732 |    198 |      0 |      0 |  12 |  410.8 |
       Dungeon |   4286 |   4142 |    144 |      0 |      0 |   9 |  476.2 |
        Temple |    135 |     82 |     53 |      0 |      0 |   1 |  135.0 |
         Sewer |    101 |    101 |      0 |      0 |      0 |   1 |  101.0 |
       Ossuary |    407 |    407 |      0 |      0 |      0 |   1 |  407.0 |
               +--------+--------+--------+--------+--------+-----+--------+

Top non-repeatable levels by time:
     D:5: 661 daAuts
     D:3: 613 daAuts
     D:4: 584 daAuts
     D:9: 498 daAuts
     D:8: 448 daAuts
     D:6: 428 daAuts
     D:2: 411 daAuts
 Ossuary: 407 daAuts
     D:7: 399 daAuts
     D:1: 239 daAuts
  Temple: 135 daAuts
   Sewer: 101 daAuts
